 Dungeon Crawl Stone Soup version 0.18.1-5-g4a78601 (webtiles) character file.

399 tyrsky the Digger (level 6, -2/32 HPs)
             Began as a Gargoyle Earth Elementalist on May 14, 2016.
             Was a Follower of Vehumet.
             Slain by a hound (4 damage)
             ... on level 5 of the Dungeon.
             The game lasted 00:12:03 (4023 turns).

tyrsky the Digger (Gargoyle Earth Elementalist)     Turns: 4023, Time: 00:12:03

Health: -2/32      AC:  7    Str: 12    XL:     6   Next: 84%
Magic:  0/13       EV: 12    Int: 17    God:    Vehumet [*.....]
Gold:   244        SH:  0    Dex: 10    Spells: 2 memorised, 10 levels left

rFire  . . .     SeeInvis .     s - +0 club
rCold  + . .     Gourm    .     a - +1 robe
rNeg   + . .     Faith    .     (no shield)
rPois  ∞         Spirit   .     (no helmet)
rElec  +         Dismiss  .     (no cloak)
rCorr  .         Reflect  .     (no gloves)
SustAt .         Harm     .     (no boots)
MR     .....                    (no amulet)
Stlth  ++........               (no ring)
                                u - ring of protection from cold

@: not resistant to hostile enchantments, unstealthy
A: negative energy resistance 1, electricity resistance, unbreathing,
petrification resistance, rot immunity, AC +4
a: Renounce Religion


You were on level 5 of the Dungeon.
You worshipped Vehumet.
Vehumet was aware of your devotion.
You were hungry.

You visited 1 branch of the dungeon, and saw 5 of its levels.

You collected 244 gold pieces.

Inventory:

Hand Weapons
 s - a +0 club (weapon)
Missiles
 b - 105 stones (quivered)
Armour
 a - a +1 robe (worn)
 r - a +1 pair of boots
Jewellery
 u - a ring of protection from cold (left hand)
Scrolls
 i - 3 scrolls of identify {@*1}
 o - a scroll of remove curse
 q - a scroll of fear
Potions
 e - a potion of degeneration {unknown}
 f - a potion of flight {unknown}
 h - a potion of brilliance
 j - a potion of lignification {unknown}
 k - a potion of might {unknown}
 m - a potion of resistance {unknown}
 n - a potion of beneficial mutation {unknown}
Books
 c - a book of Geomancy

   Spells                             Type                      Level
   a - Sandblast                      Earth                        1
   b - Passwall                       Transmutation/Earth          2
   c - Stone Arrow                    Conjuration/Earth            3
   d - Petrify                        Transmutation/Earth          4
   e - Lee's Rapid Deconstruction     Earth                        5
Comestibles
 d - 3 bread rations
 g - 3 meat rations
 l - 14 fruits


   Skills:
 - Level 1.5 Dodging
 - Level 2.1 Stealth
 * Level 4.7 Spellcasting
 + Level 2.9 Conjurations
   Level 0.7 Transmutations
 + Level 5.8 Earth Magic


You had 10 spell levels left.
You knew the following spells:

 Your Spells              Type           Power        Failure   Level  Hunger
a - Sandblast             Erth           ###...       1%          1    None
b - Stone Arrow           Conj/Erth      ###...       10%         3    ###....


Dungeon Overview and Level Annotations

Branches:
Dungeon (5/15)
 Temple: D:4-7

Altars:
Dithmenos
Vehumet
Xom
Zin
The Shining One

Annotations:
D:2 Natasha
D:3 ThereIsNoGod's ghost, novice OpAs


Innate Abilities, Weirdness & Mutations

You are resistant to torment.
Your stone body is resilient (AC +4).
You are immune to poison.
You resist negative energy.
You are resistant to electric shocks.
You can survive without breathing.
You are immune to petrification.
You are immune to rotting.


Message History

You closely miss the hound.
The hound is moderately wounded.
The hound bites you but does no damage. The adder bites you.
* * * LOW HITPOINT WARNING * * *
The hound bites you.
* * * LOW HITPOINT WARNING * * *
The adder bites you but does no damage.
Casting: Sandblast
Confirm with . or Enter, or press ? or * to list all spells.
You don't have enough magic to cast that spell.
Casting: Sandblast
Confirm with . or Enter, or press ? or * to list all spells.
You don't have enough magic to cast that spell.
Casting: Sandblast
Confirm with . or Enter, or press ? or * to list all spells.
You don't have enough magic to cast that spell.
You miss the adder.
The adder is almost dead.
The hound barely misses you. The adder barely misses you. The hound bites you.
You die...

##.........#..#
##...
#..........##.# #...
##..........##....#
###.
##...........#####.#
#. .............####
.. ..
#..................
.....
#...........####.
##.. .###.........##
......>S9........
a.......#h#.##...
##.#..............
.. ###.#.##....... .
.. .. ..... #.. ##
.... #.. ... ## ...


You could see a hound and an adder.

Vanquished Creatures
  An ogre (D:4)
  A scorpion (D:4)
  A gnoll shaman (D:4)
  Jessica (D:2)
  Natasha (D:2)
  A worker ant (D:4)
  3 gnolls (D:4)
  4 adders
  An adder skeleton (D:4)
  5 worms
  2 dart slugs (D:1)
  3 giant geckos
  3 orcs
  A ball python (D:4)
  4 giant cockroaches
  9 goblins
  8 hobgoblins
  4 jackals (D:1)
  3 bats (D:2)
  3 giant newts
  7 kobolds
  A quokka skeleton (D:4)
  7 rats
74 creatures vanquished.

Notes
Turn   | Place    | Note
--------------------------------------------------------------
     0 | D:1      | tyrsky the Gargoyle Earth Elementalist began the quest for the Orb.
     0 | D:1      | Reached XP level 1. HP: 10/10 MP: 3/3
    10 | D:1      | Noticed an electric eel
   193 | D:1      | Reached XP level 2. HP: 10/15 MP: 0/5
   364 | D:1      | Reached skill level 4 in Earth Magic
   719 | D:1      | Reached XP level 3. HP: 19/19 MP: 2/7
  1050 | D:2      | Noticed Jessica
  1135 | D:1      | Learned a level 3 spell: Stone Arrow
  1137 | D:2      | Killed Jessica
  1137 | D:2      | Reached XP level 4. HP: 21/24 MP: 6/8
  1752 | D:2      | Noticed Natasha
  2039 | D:3      | Noticed ThereIsNoGod's ghost (novice OpAs)
  2077 | D:2      | Killed Natasha
  2077 | D:2      | Reached skill level 1 in Conjurations
  2317 | D:2      | Noticed Natasha
  2542 | D:2      | Reached XP level 5. HP: 28/28 MP: 6/10
  2560 | D:2      | Found a radiant altar of Vehumet.
  2564 | D:2      | Became a worshipper of Vehumet
  2715 | D:3      | Noticed an angel
  2716 | D:3      | Found a glowing silver altar of Zin.
  2716 | D:3      | Found a shimmering altar of Xom.
  2732 | D:3      | Reached skill level 5 in Earth Magic
  2741 | D:3      | Found a glowing golden altar of the Shining One.
  3178 | D:4      | Found a shadowy altar of Dithmenos.
  3364 | D:4      | Reached XP level 6. HP: 32/32 MP: 5/12
  3372 | D:5      | Entered Level 5 of the Dungeon
  3490 | D:4      | Reached * piety under Vehumet
  3490 | D:4      | Offered knowledge of Freeze by Vehumet.
  4023 | D:5      | Slain by a hound

Skill      XL: |  1  2  3  4  5 |
---------------+----------------+-----
Earth Magic    | 4 5 |  5.8
Spellcasting   | 3 4 |  4.7
Conjurations   | 1 2 |  2.9
Dodging        | |  1.5
Stealth        | |  2.1
Transmutations | |  0.7

Action                   |  1- 3 |  4- 6 || total
-------------------------+-------+-------++-------
Melee: Unarmed           |    48 |     3 ||    51
       Club              |       |    27 ||    27
 Cast: Sandblast         |    60 |   138 ||   198
       Stone Arrow       |       |    14 ||    14
  Use: Scroll            |     2 |     5 ||     7
       Potion            |       |     4 ||     4
  Eat: Chunk             |       |     9 ||     9
       Beef jerky        |       |     1 ||     1
Armor: Robe              |    42 |    55 ||    97
Dodge: Dodged            |    68 |   111 ||   179
